 Dungeon Crawl Stone Soup version 0.29-a0-320-g9f8742066b (webtiles) character file.

Game seed: 10261243872200057644

49 sammy202020 the Skirmisher (level 3, 0/29 HPs)
             Began as a Demonspawn Berserker on Apr 2, 2022.
             Was a Believer of Trog.
             Slain by Sigmund
             ... wielding a +1 scythe of protection
              (10 damage)
             ... on level 3 of the Dungeon.
             The game lasted 00:02:29 (2153 turns).

sammy202020 the Skirmisher (Demonspawn Berserker)   Turns: 2153, Time: 00:02:30

Health: 0/29       AC:  7    Str: 17    XL:     3   Next: 53%
Magic:  3/3        EV: 16    Int: 10    God:    Trog [**....]
Gold:   72         SH:  0    Dex: 12    Spells: 2/2 levels left

rFire   . . .      SeeInvis .   a - +1 hand axe
rCold   . . .      Faith    .   (no shield)
rNeg    . . .      Spirit   .   b - +0 animal skin
rPois   .          Reflect  .   l - +2 helmet
rElec   .          Harm     .   (no cloak)
rCorr   .          Rampage  .   (no gloves)
Will    .....                   (no boots)
Stlth   +.........              (no amulet)
HPRegen 0.09/turn               e - +4 ring of evasion
MPRegen 0.16/turn               (no ring)

@: on berserk cooldown, slowed, very slow
A: molten scales 1, magic regeneration
a: Renounce Religion, Berserk, Trog's Hand


You were on level 3 of the Dungeon.
You worshipped Trog.
Trog was pleased with you.
You visited 1 branch of the dungeon, and saw 3 of its levels.

You collected 72 gold pieces.

Inventory:

Hand Weapons
 a - a +1 hand axe (weapon)
 o - a +0 hunting sling
Missiles
 j - 3 poisoned darts (quivered)
Armour
 b - a +0 animal skin (worn)
 l - a +2 helmet (worn)
Jewellery
 e - a +4 ring of evasion (left hand)
Scrolls
 g - a scroll of teleportation
 i - a scroll of noise {unknown}
 m - a scroll of identify
Potions
 c - 2 potions of curing
 d - a potion of mutation
 f - 2 potions of magic {unknown}
 h - 2 potions of heal wounds {unknown}
 k - a potion of lignification {unknown}


   Skills:
 * Level 3.5 Fighting
 * Level 3.2 Axes
 * Level 2.4 Armour
 + Level 2.1 Dodging


You had 2 spell levels left.
You didn't know any spells.
Your spell library was empty.

Dungeon Overview and Level Annotations

Branches:
Dungeon (3/15)

Altars:

Annotations:
D:3 Sigmund


Innate Abilities, Weirdness & Mutations

You are partially covered in molten scales. (AC +2)
You regenerate magic rapidly.


Message History

A red film seems to cover your vision as you go berserk!
You feel yourself moving faster!
You feel mighty! Something hits you.
You slash something! You barely miss something. Something barely misses you.
You closely miss something. You barely miss something.
Something hits you but does no damage.
You hit something but do no damage.
Your skin stops crawling.
You feel less strong-willed.
You closely miss something. Something closely misses you.
You barely miss something. Something hits you but does no damage.
You closely miss something. You barely miss something. You hit something.
You hear some strange, mumbled words.
Something tries to affect you, but you resist.
You closely miss something.
You hear some strange, mumbled words.
You are confused.
Something hits you but does no damage.
You're too confused to move!
You feel a strong urge to attack something.
You bump into the rock wall.
You are no longer berserk.
You are exhausted.
You feel yourself slow down.
You're too confused to move!
Something barely misses you.
You bump into the rock wall.
Something hits you.
You feel less confused.
You hear some strange, mumbled words.
You are confused.
Something hits you.
Found an orange potion.
Something hits you but does no damage.
You closely miss something.
You hear some strange, mumbled words.
Something tries to affect you, but you resist.
Something hits you.
You barely miss something.
You feel less confused. Something hits you!
You die...

# #. #.####
###...?#####.#
#...!.@......#
#
#.####{.###..#
....####..##
#.........<#
.#..####...#
...)......#
#..####.#.#
#<#.# #.#.#


There were no monsters in sight!

Vanquished Creatures
  A dart slug (D:2)
  7 ball pythons
  2 bats (D:1)
  8 endoplasms
  2 giant cockroaches (D:1)
  2 goblins
  2 hobgoblins (D:1)
  3 jackals (D:1)
  6 kobolds
  A quokka (D:2)
  2 frilled lizards
  5 rats
41 creatures vanquished.

Notes
Turn   | Place    | Note
-------+----------+-------------------------------------------
     0 | D:1      | sammy202020 the Demonspawn Berserker began the quest for
                  | the Orb.
     0 | D:1      | Reached XP level 1. HP: 18/18 MP: 1/1
   154 | D:1      | Gained mutation: You regenerate magic rapidly. [demonic
                  | ancestry]
   154 | D:1      | Reached XP level 2. HP: 15/24 MP: 2/2
  1050 | D:1      | Gained mutation: You are partially covered in molten
                  | scales. (AC +2) [demonic ancestry]
  1050 | D:1      | Reached XP level 3. HP: 21/29 MP: 3/3
  1557 | D:2      | Reached ** piety under Trog
  2121 | D:3      | Noticed Sigmund
  2153 | D:3      | Slain by Sigmund

Illustrated notes

Levels and vault maps discovered:
D:1:      dpeg_arrival_rhombi, layout_loops_ring
D:2:      layout_rooms
D:3:      layout_loops_ring, gammafunk_ghost_necromancy,
          shapermc_ecumenical_altar_petra, kennysheep_minor_cross, uniq_sigmund

Skill      XL: |  1  2 |
---------------+-------+-----
Armour         | 2 |  2.4
Axes           | 3 |  3.2
Dodging        | 2 |  2.1
Fighting       | |  3.5

Action                   || total
-------------------------++-------
Melee: Hand axe          ||   117
       Punch             ||     1
Invok: Berserk           ||     2
       Trog's Hand       ||     1
  Use: Scroll            ||     7
 Stab: Sleeping          ||     1
Armor: Animal skin       ||    28
Dodge: Dodged            ||    70

Table legend: (Time is in decaauts)
 A = Elapsed time spent in this place.
 B = Non-inter-level travel time spent in this place.
 C = Inter-level travel time spent in this place.
 D = Time resting spent in this place.
 E = Time spent auto-exploring this place.
 F = Levels seen in this place.
 G = Mean time per level.
                   A        B        C        D        E       F      G
               +--------+--------+--------+--------+--------+-----+--------+
         Total |   2178 |   2087 |     91 |      0 |   1745 |   3 |  726.0 |
       Dungeon |   2178 |   2087 |     91 |      0 |   1745 |   3 |  726.0 |
               +--------+--------+--------+--------+--------+-----+--------+

Top non-repeatable levels by time:
     D:1: 1551 daAuts
     D:2: 595 daAuts
     D:3: 31 daAuts
